 Dungeon Crawl Stone Soup version 0.29.1-1-gd02db6906a (webtiles) character file.

Game seed: 8783448968744913761

8054 xian the Skirmisher (level 11, -8/63 HPs)
             Began as a Tengu Air Elementalist on Oct 8, 2022.
             Was a Believer of Sif Muna.
             Shot with an arrow by a centaur warrior (20 damage)
             ... on level 9 of the Dungeon.
             The game lasted 00:24:25 (12476 turns).

xian the Skirmisher (Tengu Air Elementalist)       Turns: 12476, Time: 00:24:26

Health: -8/63      AC:  3    Str:  9    XL:     11   Next: 24%
Magic:  19/22      EV: 16    Int: 26    God:    Sif Muna [**....]
Gold:   364        SH:  0    Dex: 14    Spells: 14/24 levels left

rFire   . . .      SeeInvis .   B - +8 storm bow {elec, penet}
rCold   . . .      Faith    .   (shield currently unavailable)
rNeg    . . .      Spirit   .   t - +1 robe of Slovenliness {rElec}
rPois   .          Reflect  .   (helmet restricted)
rElec   +          Harm     .   (no cloak)
rCorr   .          Rampage  .   (no gloves)
Will    +....                   (boots unavailable)
Stlth   +++.......              (no amulet)
HPRegen 0.20/turn               x - +6 ring of intelligence
MPRegen 0.18/turn               z - ring of willpower

@: swift, flying quickly and evasively, very quick
A: beak, talons 3, nimble flight
a: Renounce Religion, Channel Magic


You were on level 9 of the Dungeon.
You worshipped Sif Muna.
Sif Muna was pleased with you.
You visited 2 branches of the dungeon, and saw 11 of its levels.
You also visited: Sewer.

You collected 364 gold pieces.

Inventory:

Hand Weapons
 w - a +5 short sword of freezing
 A - the +2 trident "Voahokont" {vamp, rElec rPois Will- Str+4}
   (You found it on level 6 of the Dungeon)

   It occasionally heals its wielder for a portion of the damage dealt when it
   wounds a living foe.
   Str:       It affects your strength (+4).
   rElec:     It insulates you from electricity.
   rPois:     It protects you from poison.
   Will:      It decreases your willpower.
 B - the +8 storm bow (weapon) {elec, penet}
   (You found it on level 6 of the Dungeon)

   Any ammunition fired from it occasionally discharges a powerful burst of
   electricity upon striking a foe.
   Any ammunition fired by it passes through the targets it hits, potentially
   hitting all targets in its path until it reaches maximum range.
Missiles
 y - 2 throwing nets
Armour
 t - the +1 robe of Slovenliness (worn) {rElec}
   (You found it on level 3 of the Dungeon)

   rElec:     It insulates you from electricity.
 E - a +0 robe of resistance
Jewellery
 x - a +6 ring of intelligence (left hand)
 z - a ring of willpower (right hand)
Wands
 a - a wand of flame (39)
 u - a wand of acid (19)
 F - a wand of iceblast (8)
 K - a wand of charming (6)
Scrolls
 c - 2 scrolls of poison
 d - 6 scrolls of teleportation
 g - 2 scrolls of amnesia
 i - 3 scrolls of immolation {unknown}
 m - 2 scrolls of enchant weapon
 n - 2 scrolls of blinking
 o - 2 scrolls of butterflies
 C - a scroll of summoning {unknown}
 D - a scroll of noise {unknown}
 G - a scroll of enchant armour {unknown}
 I - a scroll of acquirement {unknown}
 J - a scroll of fear {unknown}
Potions
 b - a potion of magic
 e - 2 potions of mutation {unknown}
 f - 4 potions of heal wounds
 h - 5 potions of curing {unknown}
 j - 2 potions of flight {unknown}
 k - 2 potions of brilliance {unknown}
 l - 3 potions of haste {unknown}
 p - 3 potions of berserk rage {unknown}
 q - 4 potions of invisibility
 r - a potion of cancellation
 s - 3 potions of might {unknown}
 v - a potion of lignification
 H - a potion of attraction {unknown}


   Skills:
 + Level 5.0 Fighting
 + Level 0.7 Short Blades
 + Level 10.1 Ranged Weapons
 + Level 2.3 Armour
 + Level 4.5 Dodging
 + Level 4.0 Stealth
 + Level 7.2 Spellcasting
 + Level 9.2 Conjurations
 + Level 9.4 Air Magic


You had 14 spell levels left.
You knew the following spells:

 Your Spells              Type           Power      Damage    Failure   Level
a - Shock                 Conj/Air       100%       1d9       1%          1
b - Static Discharge      Conj/Air       55%        3-10/arc  1%          2
c - Swiftness             Air            55%        N/A       1%          3
d - Airstrike             Air            27%        2d(4-20)  1%          4

Your spell library contained the following spells:

 Spells                   Type           Power      Damage    Failure   Level
 Mephitic Cloud           Conj/Pois/Air  41%        N/A       1%          3
 Ensorcelled Hibernation  Hex/Ice        18%        N/A       10%         2
 Passwall                 Tmut/Erth      7%         N/A       10%         2
 Freezing Cloud           Conj/Ice/Air   20%        6-21      13%         5
 Ignite Poison            Fire/Tmut/Pois 9%         N/A       19%         3
 Irradiate                Conj/Tmut      16%        3d17      26%         5
 Blade Hands              Tmut           4%         N/A       86%         5
 Dragon Form              Tmut           4%         N/A       100%        7


Dungeon Overview and Level Annotations

Branches:
Dungeon (10/15)            Temple (1/1) D:6            Lair (0/5) D:10
  Sewer (visited)
    Orc: D:9-12

Altars:
Ashenzari
Cheibriados
Dithmenos
Elyvilon
Fedhas
Gozag
Hepliaklqana
Kikubaaqudgha
Makhleb
Nemelex Xobeh
Okawaru
Qazlal
Ru
Sif Muna
Trog
Uskayaw
Wu Jian
Xom
Yredelemnul
Zin
The Shining One


Innate Abilities, Weirdness & Mutations

You have a beak for a mouth.
You have claws for feet.
Your magical nature lets you fly swiftly and evasively.


Message History

You reach down and open the door.
Found 3 stones.
There is an open door here.
You now have 364 gold pieces (gained 9).
There is an open door here.
Done exploring.
There is a stone staircase leading up here.
You can't go down here!
You fly upwards.
The centaur warrior shoots an arrow.
The arrow hits you!
The centaur warrior shoots an arrow.
The arrow closely misses you.
There is a stone staircase leading down, spattered with blood here.
You shoot an arrow.
The arrow pierces through the centaur warrior but does no damage.
Lightning courses through the centaur warrior!
The centaur warrior is moderately wounded.
The centaur warrior shoots an arrow.
The arrow hits you!
The centaur warrior shoots an arrow.
The arrow completely misses you.
You shoot an arrow.
The arrow barely misses the centaur warrior.
The centaur warrior shoots an arrow.
The arrow misses you.
The centaur warrior shoots an arrow.
The arrow hits you!
Casting: Static Discharge (safe; 1% risk of failure)
Confirm with . or Enter, or press ? or * to list all spells.
Okay, then.
You can't go up here!
The centaur warrior shoots an arrow.
The arrow closely misses you.
You fly downwards.
There is a stone staircase leading up here.
You start resting.
HP restored.
Casting: Static Discharge (safe; 1% risk of failure)
Confirm with . or Enter, or press ? or * to list all spells.
You feel quick.
You fly upwards.
The centaur warrior shoots an arrow.
The arrow hits you!
The centaur warrior shoots an arrow.
The arrow hits you!!
There is a stone staircase leading down, spattered with blood here.
The centaur warrior shoots an arrow.
The arrow hits you!
* * * LOW HITPOINT WARNING * * *
The centaur warrior shoots an arrow.
The arrow hits you!!
You die...

#......#....# #....
#..(...#...†# #.$..
+[.....#....# ....
#......#)†..# ...
#......#....# ..
#[...###....#
#.###....###....#
#.#....>.'......#
###.#c.....@.#......#
#...).........#.....>#
)....#.##.....##.....#
###. #. #####'##.....#
#. #. #............#
#. .. #............# .
.. #.....######## ...
#.....# #......


You could see a centaur warrior.

Vanquished Creatures
  Erica (D:8)
  Amaemon (D:8)
  An orange demon (D:8)
  A tengu conjurer (D:9)
  2 hornets (D:9)
  Prince Ribbit (D:8)
  Grinder (D:4)
  A wraith (D:9)
  11 yaks
  2 wyverns
  A steam dragon (D:8)
  A water moccasin (D:5)
  2 black bears (D:7)
  2 orc warriors
  3 ice beasts
  A sky beast (D:5)
  An ogre (D:6)
  3 centaurs
  2 phantoms
  7 kobold brigands
  A bullfrog (D:7)
  2 scorpions
  2 necrophages (D:6)
  7 wights
  2 hounds
  A gnoll bouda (D:8)
  2 jellies
  3 orc priests
  3 iguanas
  Jessica (D:2)
  9 orc wizards
  9 adders
  13 gnolls
  A river rat (Sewer)
  A shadow imp (D:5)
  3 white imps
  4 ufetubi
  5 worms
  3 dart slugs
  30 orcs
  3 bats
  13 endoplasms
  5 giant cockroaches
  10 hobgoblins
  6 jackals
  17 kobolds
  10 quokkas
  12 ball pythons
  3 frilled lizards
  5 goblins (D:1)
  7 rats
238 creatures vanquished.

Vanquished Creatures (others)
  A bush (D:8)
  13 plants (D:8)
14 creatures vanquished.

Grand Total: 252 creatures vanquished

Notes
Turn   | Place    | Note
-------+----------+-------------------------------------------
     0 | D:1      | xian the Tengu Air Elementalist began the quest for the
                  | Orb.
     0 | D:1      | Reached XP level 1. HP: 10/10 MP: 4/4
   341 | D:1      | Reached XP level 2. HP: 12/15 MP: 0/6
   344 | D:1      | Learned a level 2 spell: Static Discharge
   419 | D:1      | Found a faded altar of an unknown god.
   894 | D:1      | Reached XP level 3. HP: 19/19 MP: 1/7
   898 | D:1      | Learned a level 3 spell: Swiftness
  1533 | D:2      | Noticed Jessica
  1537 | D:2      | Killed Jessica
  1538 | D:2      | Reached skill level 5 in Air Magic
  1538 | D:2      | Reached XP level 4. HP: 22/24 MP: 3/9
  2554 | D:3      | Found a glowing drain.
  2572 | Sewer    | Entered a sewer
  2614 | Sewer    | Noticed a kobold brigand
  2618 | Sewer    | Reached skill level 1 in Armour
  2627 | Sewer    | Killed a kobold brigand
  2628 | Sewer    | Gained mutation: Your magical nature lets you fly swiftly
                  | and evasively. [Tengu growth]
  2628 | Sewer    | Reached XP level 5. HP: 18/28 MP: 0/11
  2826 | Sewer    | Noticed a kobold brigand
  2835 | Sewer    | Killed a kobold brigand
  2836 | Sewer    | Reached XP level 6. HP: 19/32 MP: 2/12
  3481 | Sewer    | Reached XP level 7. HP: 18/36 MP: 1/14
  3871 | D:3      | Identified the +1 robe of Slovenliness {rElec}
  4297 | D:3      | Learned a level 4 spell: Airstrike
  4753 | D:4      | Found a basalt altar of Yredelemnul.
  4827 | D:4      | Reached skill level 5 in Conjurations
  5130 | D:4      | Reached skill level 5 in Spellcasting
  5172 | D:4      | Reached XP level 8. HP: 41/41 MP: 7/16
  5239 | D:4      | You are sucked into a shaft and drop 1 floor!
  5239 | D:5      | Entered Level 5 of the Dungeon
  5260 | D:4      | Noticed Grinder
  5272 | D:4      | Killed Grinder
  6125 | D:5      | Reached skill level 1 in Fighting
  6469 | D:6      | HP: 1/43 [poisoned by a scorpion]
  6688 | D:6      | Found a staircase to the Ecumenical Temple.
  6722 | Temple   | Entered the Ecumenical Temple
  7030 | Temple   | Became a worshipper of Sif Muna the Loreminder
  7110 | D:6      | Reached XP level 9. HP: 47/47 MP: 15/19
  7586 | D:6      | Identified the +2 trident "Voahokont" {vamp, rElec rPois
                  | Will- Str+4}
  7624 | D:6      | Found the +8 storm bow {elec, penet}
  7814 | D:6      | Found a burning altar of Makhleb.
  8417 | D:7      | Reached skill level 1 in Ranged Weapons
  8742 | D:7      | Reached skill level 2 in Ranged Weapons
  8980 | D:7      | Reached skill level 3 in Ranged Weapons
  8987 | D:7      | Reached * piety under Sif Muna
  9188 | D:7      | Found an opulent altar of Gozag.
  9252 | D:7      | Found a sacrificial altar of Ru.
  9297 | D:8      | Noticed Erica
  9297 | D:8      | Noticed Amaemon
  9297 | D:8      | Noticed an orange demon
  9347 | D:8      | Reached skill level 4 in Ranged Weapons
  9349 | D:8      | Reached skill level 5 in Ranged Weapons
  9349 | D:8      | Reached XP level 10. HP: 48/56 MP: 21/21
  9350 | D:8      | Reached skill level 6 in Ranged Weapons
 10073 | D:8      | Reached skill level 7 in Ranged Weapons
 10391 | D:8      | Killed Erica
 10531 | D:8      | Noticed Prince Ribbit
 10539 | D:8      | Killed Prince Ribbit
 10711 | D:8      | Found a blossoming altar of Fedhas.
 10790 | D:8      | Killed an orange demon
 10791 | D:8      | Reached skill level 8 in Ranged Weapons
 10796 | D:8      | Killed Amaemon
 10971 | D:9      | Noticed a two-headed ogre
 10971 | D:9      | Noticed a kobold demonologist
 11179 | D:10     | Entered Level 10 of the Dungeon
 11213 | D:10     | Reached skill level 9 in Ranged Weapons
 11259 | D:9      | Reached XP level 11. HP: 50/62 MP: 20/22
 11355 | D:9      | Paralysed by a hornet for 1 turns
 11394 | D:9      | Noticed a centaur warrior
 11639 | D:10     | Found a stormy altar of Qazlal.
 11639 | D:10     | Found an iron altar of Okawaru.
 11641 | D:10     | Found a hazy altar of Hepliaklqana.
 11641 | D:10     | Found a hide-covered altar of Uskayaw.
 11709 | D:10     | Found a staircase to the Lair.
 12062 | D:10     | Found an ornate altar of the Wu Jian Council.
 12076 | D:10     | Reached ** piety under Sif Muna
 12077 | D:10     | Reached skill level 5 in Fighting
 12084 | D:10     | Reached skill level 10 in Ranged Weapons
 12476 | D:9      | Shot with an arrow by a centaur warrior

Illustrated notes

Levels and vault maps discovered:
D:1:      dpeg_arrival_signposts, layout_basic, basic_ecumenical_altar,
          st_stairs_10
D:2:      layout_basic, serial_bayou_pond_a, uniq_jessica
D:3:      layout_basic, cheibrodos_sewer_entry_bend
D:4:      layout_cave_pools, kennysheep_mini_moat, uniq_grinder
D:5:      layout_rooms, serial_corexii_hall, corexii_hall_statues_i,
          chequers_hall_statues_wall_a
D:6:      layout_rooms, lemuel_coloured_pillars_altar, temple_statues
D:7:      layout_loops_ring, mainiacjoe_overflow_two_lobes, feat_on_display
D:8:      layout_loops_corners, fedhas_altar_decomposition, uniq_erica,
          uniq_amaemon, uniq_prince_ribbit1
D:9:      minmay_the_grid_octo_tiled_squarecenter
          [minmay_the_grid_octo_tetromino_candy, minmay_the_grid_octo_clover_2,
          minmay_the_grid_octo_checkered, minmay_the_grid_octo_pinwheel,
          minmay_the_grid_square_5x5_megaprize_diamond,
          minmay_the_grid_square_5x5_shuriken,
          minmay_the_grid_square_5x5_two_walls_a,
          minmay_the_grid_square_5x5_checkered,
          minmay_the_grid_square_5x5_misaligned], layout_gridville,
          amcnicky_altar_gilded, small_statue_intersection,
          chequers_serial_rivers_micro_a, laboratory, uniq_pikel
D:10:     layout_rooms, mainiacjoe_overflow_alcove_3,
          mainiacjoe_overflow_surrounded_room, lair_entry_dummy,
          kennysheep_another_room
Temple:   minmay_temple_curvy_loop

Skill      XL: |  1  2  3  4  5  6  7  8  9 10 11 |
---------------+----------------------------------+-----
Conjurations   | 2 3 4 5 7 8 9 |  9.2
Air Magic      | 5 6 7 8 9 |  9.4
Armour         | 1 2 |  2.3
Spellcasting   | 3 4 5 6 7 |  7.2
Fighting       | 1 3 4 5 |  5.0
Stealth        | 3 4 |  4.0
Dodging        | 3 4 |  4.5
Ranged Weapons | 5 9 10 | 10.1
Short Blades   | |  0.7

Action                   |  1- 3 |  4- 6 |  7- 9 | 10-12 || total
-------------------------+-------+-------+-------+-------++-------
Melee: Dagger            |    13 |       |       |       ||    13
       Kick              |     7 |       |     6 |     1 ||    14
       Peck              |     2 |       |     4 |     1 ||     7
       Trident           |       |     1 |       |       ||     1
       Short sword       |       |       |    20 |       ||    20
       Punch             |       |       |     1 |       ||     1
       Longbow           |       |       |     3 |     4 ||     7
 Fire: Longbow           |       |       |    64 |   101 ||   165
 Cast: Shock             |    57 |    78 |   222 |       ||   357
       Static Discharge  |       |    12 |    23 |    18 ||    53
       Swiftness         |       |       |     1 |     3 ||     4
  Use: Scroll            |       |       |     9 |       ||     9
       Potion            |       |       |     1 |     2 ||     3
Armor: Robe              |     2 |       |    23 |     6 ||    31
       Leather armour    |       |     3 |       |       ||     3
Dodge: Dodged            |    14 |    17 |    82 |    45 ||   158
